 Dungeon Crawl Stone Soup version 0.31-a0-1-g4198be8af4 (webtiles) character file.

Game seed: 4950811106580374

12492 funkygono the Cleaver (level 11, -4/101 HPs)
             Began as a Minotaur Fighter on May 2, 2023.
             Was an Elder of Okawaru.
             Slain by a bunyip zombie (16 damage)
             ... on level 1 of the Abyss.
             The game lasted 00:19:39 (10920 turns).

funkygono the Cleaver (Minotaur Fighter)           Turns: 10920, Time: 00:19:40

Health: -4/101     AC: 27    Str: 25    XL:     11   Next: 63%
Magic:  11/11      EV: 13    Int:  8    God:    Okawaru [****..]
Gold:   1078       SH:  5    Dex: 10    Spells: 10/10 levels left

rFire   . . .        f - +1 war axe (venom)
rCold   . . .        c - +0 buckler
rNeg    . . .        H - +8 plate armour {ponderous}
rPois   .            g - +1 hat "Ilatzu Tetal" {Will+ Int+3}
rElec   .            (no cloak)
rCorr   .            (no gloves)
SInv    .            n - +2 pair of boots
Will    ++...        (no amulet) Stlth
                     J - +5 ring of evasion
HPRegen 0.36/turn    I - ring of willpower
MPRegen 0.12/turn

%: no passive effects
@: slow
A: horns 2, retaliatory headbutt
a: Renounce Religion, Heroism, Finesse


You were on level 1 of the Abyss.
You worshipped Okawaru.
Okawaru was greatly pleased with you.
You visited 3 branches of the dungeon, and saw 14 of its levels.
You visited the Abyss 1 time.
You also visited: Ossuary.

You collected 1888 gold pieces.
You spent 810 gold pieces at shops.

Inventory:

Hand Weapons
 a - a +2 war axe
 f - a +1 war axe of venom (weapon)
Missiles
 u - 16 boomerangs (quivered)
Armour
 c - a +0 buckler (worn)
 g - the +1 hat "Ilatzu Tetal" (worn) {Will+ Int+3}
   (You bought it in a shop on level 3 of the Dungeon)

   Int:       It affects your intelligence (+3).
   Will:      It increases your willpower.
 n - a +2 pair of boots (worn)
 D - a +2 hat
 H - a +8 plate armour of ponderousness (worn)
Jewellery
 I - a ring of willpower (right hand)
 J - a +5 ring of evasion (left hand)
Wands
 j - a wand of roots (8)
 w - a wand of flame (27)
 A - a wand of acid (28)
 L - a wand of digging (4)
Scrolls
 i - a scroll of identify
 k - a scroll of enchant weapon
 l - 2 scrolls of fog
 r - 5 scrolls of teleportation
 s - a scroll of silence
 y - 2 scrolls of blinking
 F - a scroll of magic mapping
 K - a scroll of enchant armour
Potions
 b - a potion of flight {unknown}
 d - a potion of might
 e - 5 potions of curing
 h - 2 potions of heal wounds
 m - a potion of resistance {unknown}
 o - 2 potions of brilliance {unknown}
 p - 2 potions of lignification {unknown}
 t - a potion of invisibility {unknown}
 x - 2 potions of cancellation {unknown}
 z - 2 potions of ambrosia {unknown}
 B - a potion of mutation {unknown}
 C - a potion of magic {unknown}
 M - a potion of haste {unknown}


   Skills:
 + Level 10.6 Fighting
 + Level 14.6 Axes
 + Level 2.3 Throwing
 + Level 10.9 Armour
 + Level 2.6 Dodging
 + Level 1.8 Stealth
 + Level 8.1 Shields
 + Level 0.4 Unarmed Combat
 + Level 1.4 Invocations


You had 10 spell levels left.
You didn't know any spells.
Your spell library contained the following spells:

 Spells                   Type           Power      Damage    Failure   Level
 Beastly Appendage        Tmut           0%         N/A       99%         1
 Scorch                   Fire           0%         2d5       100%        2
 Sublimation of Blood     Necr           0%         N/A       100%        2
 Wereblood                Tmut           0%         N/A       100%        2
 Inner Flame              Hex/Fire       0%         N/A       100%        3
 Spider Form              Tmut/Pois      0%         N/A       100%        3
 Vhi's Electric Charge    Tloc/Air       0%         N/A       100%        3
 Flame Wave               Conj/Fire      0%         2d4       100%        4
 Petrify                  Tmut/Erth      0%         N/A       100%        4
 Sticky Flame             Conj/Fire      0%         2d3       100%        4
 Arcjolt                  Conj/Air       0%         1d10      100%        5
 Irradiate                Conj/Tmut      0%         3d11      100%        5
 Maxwell's Capacitive Co  Air            0%         ∞         100%        8
 Summon Cactus Giant      Summ           Unusable   N/A       N/A         6

Dungeon Overview and Level Annotations

Branches:
Dungeon (11/15)            Temple (1/1) D:4            Lair (2/5) D:11
    Orc (0/2) D:11        Ossuary (visited)
  Swamp: Lair:2-3    Shoals: Lair:2-3     Snake: Lair:2-3    Spider: Lair:2-3

Altars:
Ashenzari
Cheibriados
Dithmenos
Elyvilon
Fedhas
Gozag
Hepliaklqana
Kikubaaqudgha
Makhleb
Nemelex Xobeh
Okawaru
Qazlal
Ru
Sif Muna
Trog
Uskayaw
Vehumet
Wu Jian
Xom
Yredelemnul
Zin
The Shining One

Shops:
D:3 [

Annotations:
D:7 2 transporters, kae's ghost, novice DgTm
D:11 1 runed translucent door, caveywoolpert's ghost, journeyman MiFi
Lair:2 Sonja


Innate Abilities, Weirdness & Mutations

You have a pair of horns on your head.
You reflexively headbutt those who attack you in melee.


Message History

The thrashing horror churns violently!
The thrashing horror seems to grow stronger.
Unknown command.
You hit the thrashing horror.
You destroy the thrashing horror!
Okawaru accepts your kill.
You can now speed up your combat.
The fire bat completely misses you. You furiously retaliate!
You headbutt the fire bat!
You kill the fire bat!
Okawaru accepts your kill.
Your Throwing skill increases to level 2!
A bunyip zombie comes into view.
The hell hound barks!
The neqoxec shouts!
You hit the bunyip zombie but do no damage.
You headbutt the bunyip zombie, but do no damage.
The bunyip zombie misses you. The bunyip zombie claws you.
* * * LOW HITPOINT WARNING * * *
The bunyip zombie claws you.
* * * LOW HITPOINT WARNING * * *
You hit the bunyip zombie.
The bunyip zombie is lightly damaged.
You completely miss the bunyip zombie.
The bunyip zombie is lightly damaged.
You hit the hell hound.
The hell hound is poisoned.
The hell hound breathes flames at you. The blast of flame misses you.
Unknown command.
You slash the bunyip zombie! You headbutt the bunyip zombie.
The bunyip zombie is lightly damaged.
You closely miss the hell hound. You block the hell hound's attack.
Unknown command.
You hit the hell hound. You headbutt the hell hound!
The hell hound is heavily wounded.
You hit the large abomination.
You hit the bunyip zombie but do no damage.
The hell hound barely misses you. You furiously retaliate!
You headbutt the hell hound! The bunyip zombie claws you!
* * * LOW HITPOINT WARNING * * *
The bunyip zombie claws you!
You die...

## #.# ##
.#####. .
##.#..## ..
#.......#.#
#....# #@...#
#....ZhX3.#
#......##.....
..#..#...
..#.. ...#..##
h..... ##.#.#.
§§... .....#.
.... .. # ##


You could see a large abomination, a neqoxec, a hell hound (very poisoned,
catching breath) and a bunyip zombie.

Vanquished Creatures
  Erica (Lair:2)
  A two-headed ogre (D:10)
  A thrashing horror (Abyss:1)
  Pikel (D:5)
  A manticore (D:11)
  Maurice (D:8)
  2 rust devils (D:7)
  3 cane toads
  A troll (D:10)
  A polar bear (Lair:2)
  8 blink frogs
  3 wraiths
  A large abomination (Abyss:1)
  2 fire bats (Abyss:1)
  3 yaks (D:8)
  3 steam dragons
  2 vampire mosquitoes (D:6)
  A water moccasin (D:7)
  2 acid dragons
  Duvessa (D:6)
  7 orc warriors
  A black bear (D:6)
  A sky beast (D:7)
  3 ice beasts
  4 centaurs
  An ogre (D:6)
  2 phantoms (D:6)
  A lemure (D:5)
  An elf zombie (Ossuary)
  7 bullfrogs
  5 scorpions
  A gnoll sergeant (D:9)
  9 wights (D:8)
  Dowan (D:6)
  3 orc priests
  2 centaur zombies (Ossuary)
  3 hounds
  4 jellies
  3 sleepcaps
  4 iguanas (D:4)
  6 orc wizards
  2 mummies (Ossuary)
  6 gnolls
  5 adders
  2 shadow imps
  2 worms
  4 dart slugs
  29 orcs
  5 bats
  3 endoplasms (D:1)
  4 gnoll zombies (Ossuary)
  8 hobgoblins
  4 jackals (D:1)
  3 quokkas (D:1)
  6 ball pythons
  3 frilled lizards
  8 goblins
  2 goblin zombies (Ossuary)
  5 hobgoblin zombies (Ossuary)
  10 kobolds
  4 rats
223 creatures vanquished.

Vanquished Creatures (others)
  2 fungi (Lair:2)
  2 plants (D:3)
4 creatures vanquished.

Grand Total: 227 creatures vanquished

Notes
Turn   | Place    | Note
-------+----------+-------------------------------------------
     0 | D:1      | funkygono the Minotaur Fighter began the quest for the Orb.
     0 | D:1      | Reached XP level 1. HP: 19/19 MP: 0/0
    67 | D:1      | Reached XP level 2. HP: 27/27 MP: 1/1
   362 | D:1      | Reached XP level 3. HP: 28/33 MP: 2/2
   366 | D:1      | Reached skill level 3 in Axes
   987 | D:2      | Reached XP level 4. HP: 41/41 MP: 3/3
  1753 | D:3      | Found Naugagov's Armour Shoppe.
  2002 | D:4      | Reached skill level 4 in Axes
  2006 | D:4      | Reached XP level 5. HP: 38/47 MP: 4/4
  2101 | D:4      | Reached skill level 5 in Fighting
  2175 | D:4      | Found a staircase to the Ecumenical Temple.
  2257 | Temple   | Entered the Ecumenical Temple
  2596 | D:4      | Reached skill level 5 in Axes
  2817 | D:5      | Entered Level 5 of the Dungeon
  2921 | D:5      | Noticed a lemure
  2931 | D:5      | Killed a lemure
  2932 | D:5      | Reached skill level 5 in Armour
  2932 | D:5      | Reached XP level 6. HP: 45/56 MP: 5/5
  2972 | D:5      | Noticed Pikel
  3013 | D:5      | Killed Pikel
  3014 | D:5      | Reached skill level 7 in Axes
  3014 | D:5      | Reached XP level 7. HP: 44/62 MP: 6/6
  3265 | D:5      | Found an opulent altar of Gozag.
  3313 | D:5      | Found a shadowy altar of Dithmenos.
  3338 | D:5      | Reached skill level 5 in Shields
  3369 | D:5      | Reached skill level 8 in Axes
  3604 | D:6      | Reached XP level 8. HP: 70/70 MP: 7/7
  3762 | D:6      | Reached skill level 1 in Dodging
  3803 | D:6      | Reached skill level 9 in Axes
  4452 | D:6      | Reached skill level 10 in Axes
  4452 | D:6      | Reached XP level 9. HP: 37/79 MP: 8/8
  4621 | D:6      | Found an iron altar of Okawaru.
  4647 | D:6      | HP: 3/79 [vampire mosquito (10)]
  4887 | D:6      | Became a worshipper of Warmaster Okawaru
  4947 | D:6      | Noticed Dowan
  4949 | D:6      | Noticed Duvessa
  4961 | D:6      | Killed Duvessa
  4964 | D:6      | Killed Dowan
  5264 | D:6      | Found a stormy altar of Qazlal.
  5265 | D:6      | Found a hide-covered altar of Uskayaw.
  5266 | D:6      | Found a radiant altar of Vehumet.
  5303 | D:6      | Found a sparkling altar of Nemelex Xobeh.
  5305 | D:6      | Found an ancient bone altar of Kikubaaqudgha.
  5651 | D:7      | Found a sand-covered staircase.
  5656 | Ossuary  | Entered an ossuary
  5876 | D:7      | Reached * piety under Okawaru
  5877 | D:7      | Reached skill level 11 in Axes
  6298 | D:7      | Found a transporter.
  6299 | D:7      | Noticed kae's ghost (novice DgTm)
  6299 | D:7      | Identified the +3 great mace "Ulua" {drain, Int+2 Dex+4
                  | Stlth-}
  6299 | D:7      | Identified the +0 dire flail "Beastbane" {flame, Drain
                  | Str+3 Dex+2 Stlth+}
  6299 | D:7      | Noticed a two-headed ogre
  6300 | D:7      | Found a transporter.
  6586 | D:3      | Bought a +6 plate armour of ponderousness for 420 gold
                  | pieces
  6639 | D:3      | Identified a scroll of acquirement
  6639 | D:3      | Acquired 976 gold pieces
  6674 | D:3      | Bought the +1 hat "Ilatzu Tetal" {Will+ Int+3} for 390 gold
                  | pieces
  6846 | D:8      | Identified the +9 quarterstaff of Watchfulness {flame,
                  | Dex+2}
  6912 | D:8      | Reached ** piety under Okawaru
  6961 | D:8      | Reached XP level 10. HP: 87/90 MP: 9/9
  6977 | D:8      | Reached skill level 1 in Stealth
  7034 | D:8      | Found a burning altar of Makhleb.
  7065 | D:8      | Found a shimmering altar of Xom.
  7068 | D:8      | Found a glowing golden altar of the Shining One.
  7151 | D:8      | Reached skill level 12 in Axes
  7467 | D:8      | Noticed Maurice
  7488 | D:8      | Killed Maurice
  8235 | D:10     | Entered Level 10 of the Dungeon
  8295 | D:10     | Noticed a two-headed ogre
  8305 | D:10     | Killed a two-headed ogre
  8306 | D:10     | Reached skill level 13 in Axes
  8797 | D:11     | Reached *** piety under Okawaru
  9019 | D:11     | Found a runed translucent door.
  9019 | D:11     | Noticed caveywoolpert's ghost (journeyman MiFi)
  9114 | D:11     | Noticed a manticore
  9125 | D:11     | Killed a manticore
  9310 | D:11     | Found a staircase to the Lair.
  9539 | D:11     | Found a staircase to the Orcish Mines.
 10008 | D:7      | Noticed a rust devil
 10008 | D:7      | Noticed a rust devil
 10021 | D:7      | Reached XP level 11. HP: 90/97 MP: 8/10
 10027 | D:7      | Reached skill level 10 in Armour
 10181 | Lair:1   | Entered Level 1 of the Lair of Beasts
 10200 | Lair:1   | Reached skill level 14 in Axes
 10224 | Lair:1   | Reached skill level 10 in Fighting
 10504 | Lair:1   | Reached **** piety under Okawaru
 10505 | Lair:1   | Reached skill level 1 in Invocations
 10522 | Lair:1   | You fall into a shaft and drop 1 floor!
 10582 | Lair:2   | Reached skill level 1 in Throwing
 10723 | Lair:2   | Noticed Erica
 10734 | Lair:2   | Killed Erica
 10798 | Lair:2   | Noticed Sonja
 10825 | Lair:2   | HP: 2/101 [poisoned by Sonja (curare-tipped dart)]
 10837 | Abyss:1  | Cast into level 1 of the Abyss (Sonja)
 10872 | Abyss:1  | Noticed a great orb of eyes
 10901 | Abyss:1  | Noticed a thrashing horror
 10910 | Abyss:1  | Killed a thrashing horror
 10920 | Abyss:1  | Slain by a bunyip zombie

Illustrated notes

Levels and vault maps discovered:
D:1:      erik_arrival_orb_chamber, layout_basic, minmay_split_cup_small
D:2:      wander_river, layout_loops_cross
D:3:      layout_rooms, serial_shops, nicolae_shop_hallway_plus, serial_forest,
          infiniplex_forest_lined_room_2, infiniplex_forest_clump_diagonal,
          infiniplex_forest_clump_small, infiniplex_forest_straight_2,
          infiniplex_forest_lined_2, infiniplex_forest_straight_4,
          infiniplex_forest_straight_2, infiniplex_forest_clump_diagonal
D:4:      layout_loops_ring, temple_doors_e, minmay_misc_feat_more_columns
D:5:      layout_rooms, nicolae_dithmenos_through_a_glass_darkly,
          grunt_gozag_breadcrumbs, uniq_pikel
D:6:      layout_loops_corners, nicolae_overflow_hidden_temple,
          kennysheep_okawaru_gauntlet, uniq_duvessa
D:7:      cheibrodos_iron_armory, layout_loops_ring, gammafunk_ghost_smash,
          enter_ossuary_2
D:8:      layout_loops_cross, gammafunk_temple_overflow_forgotten, uniq_maurice
D:9:      layout_long_grid
D:10:     layout_rooms
D:11:     layout_loops_ring, lair_entry_dummy, david_orc_2,
          hellmonk_ghost_happy_afterlife
Temple:   nicolae_temple_ecumenical_triangle
Lair:1:   layout_regular_city, minmay_holes, chequers_serial_rivers_micro_c,
          nicolae_lair_grove_arrangements, grunt_megastairs_2, uniq_joseph
Lair:2:   layout_chaotic_city, elwin_shoals_entry_rooms, uniq_erica, uniq_sonja
Abyss:1:  base:
D:4

Skill      XL: |  1  2  3  4  5  6  7  8  9 10 11 |
---------------+----------------------------------+-----
Fighting       | 4 5 7 8 9 10 | 10.6
Shields        | 4 5 6 7 8 |  8.1
Armour         | 4 5 6 7 8 9 10 | 10.9
Axes           | 3 4 5 7 8 10 11 13 14 | 14.6
Dodging        | 1 2 |  2.6
Stealth        | 1 |  1.8
Invocations    | 1 |  1.4
Throwing       | 2 |  2.3
Unarmed Combat | |  0.4

Action                     |  1- 3 |  4- 6 |  7- 9 | 10-12 || total
---------------------------+-------+-------+-------+-------++-------
  Melee: War axe           |    80 |    79 |   266 |   242 ||   667
         Headbutt          |    12 |    13 |    46 |    54 ||   125
         Unarmed           |       |       |       |     3 ||     3
  Throw: Boomerang         |       |       |     6 |    20 ||    26
 Invoke: Heroism           |       |       |       |    13 ||    13
    Use: Scroll            |       |       |    16 |     3 ||    19
         Potion            |       |       |       |     6 ||     6
 Armour: Scale mail        |    34 |       |       |       ||    34
         Chain mail        |    14 |    36 |   179 |       ||   229
         Plate armour      |       |       |    14 |   142 ||   156
         Skin              |       |       |       |     1 ||     1
  Dodge: Dodged            |    39 |    28 |    94 |   134 ||   295
  Block: Buckler           |    23 |    19 |    62 |    68 ||   172

Table legend: (Time is in decaauts)
 A = Elapsed time spent in this place.
 B = Non-inter-level travel time spent in this place.
 C = Inter-level travel time spent in this place.
 D = Time resting spent in this place.
 E = Time spent auto-exploring this place.
 F = Levels seen in this place.
 G = Mean time per level.
                   A        B        C        D        E       F      G
               +--------+--------+--------+--------+--------+-----+--------+
         Total |  11269 |  10557 |    712 |    640 |   7663 |  16 |  704.3 |
       Dungeon |  10612 |   9920 |    692 |    635 |   7304 |  11 |  964.7 |
        Temple |     43 |     25 |     18 |      0 |     18 |   1 |   43.0 |
          Lair |    412 |    410 |      2 |      2 |    257 |   2 |  206.0 |
         Abyss |     89 |     89 |      0 |      3 |     39 |   1 |   89.0 |
       Ossuary |    111 |    111 |      0 |      0 |     44 |   1 |  111.0 |
               +--------+--------+--------+--------+--------+-----+--------+

Top non-repeatable levels by time:
     D:6: 1961 daAuts
    D:11: 1530 daAuts
     D:8: 1023 daAuts
     D:7: 960 daAuts
     D:4: 818 daAuts
     D:1: 815 daAuts
     D:5: 805 daAuts
     D:9: 711 daAuts
     D:3: 704 daAuts
     D:2: 699 daAuts
    D:10: 581 daAuts
  Lair:2: 334 daAuts
 Ossuary: 111 daAuts
 Abyss:1: 89 daAuts
  Lair:1: 78 daAuts
